 Dungeon Crawl Stone Soup version 0.19-a0-1035-gdbfb0c6 (webtiles) character file.

256933 magipi the Fencer (level 19, -24/136 HPs)
             Began as a High Elf Berserker on July 29, 2016.
             Was a High Priest of Trog.
             Killed from afar by a deep elf annihilator (67 damage)
             ... with a crystal spear
             ... led by an ironheart preserver
             ... on level 4 of the Vaults.
             The game lasted 03:36:36 (39471 turns).

magipi the Fencer (High Elf Berserker)             Turns: 39471, Time: 03:36:37

Health: -24/136    AC: 10    Str: 16    XL:     19   Next: 46%
Magic:  30/30      EV: 24    Int: 16    God:    Trog [*****.]
Gold:   1933       SH:  0    Dex: 20    Spells: 0 memorised, 18 levels left

rFire  . . .     SeeInvis .     a - +6 great sword (elec)
rCold  + . .     Gourm    .     (no armour)
rNeg   . . .     Faith    .     (shield currently unavailable)
rPois  +         Spirit   .     G - +2 hat
rElec  .         Dismiss  .     e - +2 cloak {rPois}
rCorr  .         Reflect  .     m - +1 pair of gloves
SustAt .         Harm     .     z - +1 pair of boots {Stlth+}
MR     ++++.                    r - amulet of regeneration
Stlth  +++.......               V - ring of protection from magic
                                c - ring of protection from cold

@: lethally poisoned (-24 -> -24), very slightly contaminated, regenerating,
hasted, very quick, incredibly resistant to hostile enchantments, fairly
stealthy
A: fangs 1
a: Berserk, Trog's Hand, Brothers in Arms, Burn Spellbooks, Renounce Religion
}: 1/15 runes: barnacled


You were on level 4 of the Vaults.
You worshipped Trog.
Trog was extremely pleased with you.
You were very hungry.

You visited 7 branches of the dungeon, and saw 34 of its levels.
You also visited: Sewer and Bailey.

You collected 2707 gold pieces.
You spent 774 gold pieces at shops.

Notes
Turn   | Place    | Note
-------+----------+-------------------------------------------
     0 | D:1      | magipi the High Elf Berserker began the quest for the Orb.
     0 | D:1      | Reached XP level 1. HP: 16/16 MP: 2/2
   312 | D:1      | Reached skill level 4 in Long Blades
   470 | D:1      | Reached XP level 2. HP: 21/21 MP: 3/3
  1467 | D:2      | Reached skill level 5 in Long Blades
  1467 | D:2      | Reached XP level 3. HP: 26/26 MP: 4/4
  2369 | D:2      | Reached skill level 6 in Long Blades
  2369 | D:2      | Reached XP level 4. HP: 27/31 MP: 5/5
  2608 | D:2      | Reached ** piety under Trog
  3349 | D:3      | Found a glowing drain.
  3377 | D:3      | Reached XP level 5. HP: 36/36 MP: 6/6
  3383 | Sewer    | Entered a sewer
  3421 | Sewer    | Reached skill level 7 in Long Blades
  3745 | Sewer    | Reached *** piety under Trog
  4554 | D:3      | Found a sparkling altar of Nemelex Xobeh.
  4752 | D:3      | Reached skill level 8 in Long Blades
  4764 | D:3      | Reached XP level 6. HP: 42/42 MP: 7/7
  4973 | D:3      | Found a shadowy altar of Dithmenos.
  5331 | D:4      | Noticed Blork the orc
  5336 | D:4      | Killed Blork the orc
  5336 | D:4      | Reached skill level 9 in Long Blades
  5606 | D:4      | Reached XP level 7. HP: 46/46 MP: 8/8
  5690 | D:4      | Found a burning altar of Makhleb.
  5805 | D:4      | Reached skill level 10 in Long Blades
  6076 | D:4      | Noticed Eustachio
  6109 | D:5      | Entered Level 5 of the Dungeon
  6307 | D:5      | Reached **** piety under Trog
  6386 | D:5      | Found a hazy altar of Hepliaklqana.
  6405 | D:5      | Found Esuubluo's Elemental Accessories.
  7200 | D:5      | Noticed Duvessa
  7200 | D:5      | Noticed Dowan
  7319 | D:6      | Reached XP level 8. HP: 54/54 MP: 9/9
  7514 | D:6      | Found a staircase to the Ecumenical Temple.
  7520 | Temple   | Entered the Ecumenical Temple
  8065 | D:6      | Found a shimmering altar of Xom.
  8325 | D:7      | Reached skill level 5 in Fighting
  8325 | D:7      | Reached skill level 5 in Dodging
  8553 | D:7      | Reached XP level 9. HP: 62/62 MP: 10/10
  8628 | D:7      | Reached skill level 5 in Armour
  8812 | D:7      | Reached ***** piety under Trog
  8843 | D:7      | Found a deep blue altar of Sif Muna.
  8844 | D:7      | Found an iron altar of Okawaru.
  9321 | D:8      | Found Moal's Antique Weapon Emporium.
  9508 | D:8      | Found a flagged portal.
  9555 | Bailey   | Entered a bailey
  9597 | D:8      | Found a staircase to the Lair.
 10025 | D:9      | Reached XP level 10. HP: 69/71 MP: 11/11
 10147 | D:9      | Reached skill level 1 in Evocations
 10186 | D:8      | Bought a glowing great sword for 195 gold pieces
 10368 | D:9      | Received a gift from Trog
 11059 | D:10     | Entered Level 10 of the Dungeon
 11138 | D:10     | Noticed a hill giant
 11152 | D:10     | Killed a hill giant
 11515 | D:10     | Noticed a hill giant
 11548 | D:10     | Killed a hill giant
 11885 | D:10     | Received a gift from Trog
 12113 | D:11     | Noticed a cyclops
 12119 | D:11     | Killed a cyclops
 12126 | D:11     | Reached XP level 11. HP: 78/78 MP: 5/15
 12155 | D:11     | Got a translucent plate armour
 12172 | D:10     | Identified the cursed +0 plate armour of Hedging {rC+} (You found it on level 11 of the Dungeon)
 12210 | D:11     | Noticed a hill giant
 12222 | D:11     | Killed a hill giant
 12494 | D:11     | Reached skill level 5 in Evocations
 12526 | D:11     | Noticed a hill giant
 12546 | D:11     | Killed a hill giant
 12825 | D:11     | Noticed a hill giant
 12857 | D:11     | Killed a hill giant
 12857 | D:11     | Reached skill level 10 in Dodging
 13078 | D:11     | Killed an unseen horror
 13174 | D:11     | Noticed a hill giant
 13189 | D:11     | Killed a hill giant
 13286 | D:11     | Noticed a cyan ugly thing
 13348 | D:11     | Killed a cyan ugly thing
 13573 | D:12     | Noticed Urug
 13640 | D:12     | Noticed a deep elf mage
 13650 | D:12     | Killed a deep elf mage
 13741 | D:12     | Found a staircase to the Orcish Mines.
 13776 | D:12     | Reached skill level 10 in Fighting
 14014 | D:12     | Noticed Psyche
 14017 | D:12     | Killed Psyche
 14033 | D:12     | Killed Urug
 14435 | Orc:1    | Entered Level 1 of the Orcish Mines
 14550 | Orc:1    | Received a gift from Trog
 14670 | Orc:1    | Reached XP level 12. HP: 87/87 MP: 18/18
 15429 | D:5      | Killed Dowan
 15436 | D:5      | Killed Duvessa
 15539 | D:5      | Noticed Menkaure
 15542 | D:5      | Killed Menkaure
 15619 | D:5      | Found an oddly glowing altar of Pakellas.
 15779 | D:4      | Killed Eustachio
 16139 | Lair:1   | Entered Level 1 of the Lair of Beasts
 16141 | Lair:1   | Reached skill level 11 in Long Blades
 16849 | Lair:1   | Noticed a seven-headed hydra
 16853 | Lair:1   | Killed a seven-headed hydra
 16904 | Lair:2   | Reached ****** piety under Trog
 17038 | Lair:2   | Received a gift from Trog
 17122 | Lair:2   | Reached skill level 12 in Long Blades
 17230 | Lair:2   | Found a staircase to the Snake Pit.
 17939 | Lair:3   | Noticed a death yak
 18037 | Lair:3   | Noticed a five-headed hydra
 18046 | Lair:3   | Killed a five-headed hydra
 18084 | Lair:3   | Noticed Fannar
 18095 | Lair:3   | Received a gift from Trog
 18097 | Lair:3   | Reached skill level 13 in Long Blades
 18136 | Lair:3   | Killed Fannar
 18271 | Lair:3   | Noticed a death yak
 18272 | Lair:3   | Noticed a death yak
 18296 | Lair:3   | Noticed a death yak
 18301 | Lair:3   | Killed a death yak
 18301 | Lair:3   | Reached skill level 10 in Evocations
 18305 | Lair:3   | Killed a death yak
 18321 | Lair:3   | Killed a death yak
 18321 | Lair:3   | Reached XP level 13. HP: 48/92 MP: 21/21
 18764 | Lair:4   | Noticed Snorg
 18769 | Lair:4   | Killed Snorg
 18830 | Lair:4   | Reached skill level 1 in Throwing
 19086 | Lair:4   | Found a staircase to the Shoals.
 19482 | Lair:4   | Reached skill level 14 in Long Blades
 19665 | Lair:5   | Gained mutation: You have very sharp teeth. [potion of beneficial mutation]
 19914 | Lair:5   | Received a gift from Trog
 20076 | Lair:5   | Identified a scroll of acquirement
 20314 | Lair:6   | Entered Level 6 of the Lair of Beasts
 20824 | Lair:6   | Reached skill level 5 in Throwing
 21039 | Lair:6   | Received a gift from Trog
 21643 | Orc:2    | Entered Level 2 of the Orcish Mines
 21672 | Orc:1    | Noticed Erica
 21736 | Orc:1    | Reached skill level 15 in Long Blades
 21744 | Orc:1    | Killed Erica
 21904 | Orc:1    | Reached XP level 14. HP: 40/99 MP: 23/23
 22010 | Orc:1    | Noticed a stone giant
 22041 | Orc:1    | Noticed a stone giant
 22052 | Orc:1    | Killed a stone giant
 22146 | Orc:1    | Killed a stone giant
 22314 | Orc:1    | Noticed an orc warlord
 22337 | Orc:1    | Killed an orc warlord
 22668 | Orc:2    | Noticed Gagarin's ghost (journeyman FoFi)
 22699 | Orc:2    | Killed Gagarin's ghost
 23155 | Orc:2    | Received a gift from Trog
 23381 | Orc:2    | Found a staircase to the Elven Halls.
 23478 | Orc:2    | Found Juasez's Food Shop.
 23598 | Orc:2    | Found Larhitry's Food Boutique.
 23894 | Orc:2    | Received a gift from Trog
 24312 | Orc:2    | Received a gift from Trog
 24314 | Orc:2    | Reached skill level 16 in Long Blades
 24568 | Orc:2    | Found Wisypocre's Book Emporium.
 24568 | Orc:2    | Found Asiulang's Antique Armour Shoppe.
 24568 | Orc:2    | Found a one-way gate leading to the halls of Pandemonium.
 24572 | Orc:2    | Bought a glowing hat for 116 gold pieces
 24572 | Orc:2    | Bought an embroidered cloak for 130 gold pieces
 24609 | Orc:2    | Bought a bronze ring mail for 261 gold pieces
 24619 | Orc:2    | Identified the +6 ring mail of Zin's Approval {rN+ Str+3} (You bought it in a shop on level 2 of the Orcish Mines)
 25629 | D:13     | Found a gate to the Vaults.
 25763 | D:14     | Received a gift from Trog
 25830 | D:14     | Reached XP level 15. HP: 103/103 MP: 18/25
 26233 | D:14     | Found a portal to a secret trove of treasure.
 26416 | D:15     | Entered Level 15 of the Dungeon
 26841 | D:15     | Reached XP level 16. HP: 109/109 MP: 27/27
 26870 | D:15     | Reached skill level 17 in Long Blades
 26894 | D:15     | Found a staircase to the Depths.
 27245 | D:15     | Received a gift from Trog
 28619 | Lair:6   | Found a viscous altar of Jiyva.
 28620 | Lair:6   | Found a staircase to the Slime Pits.
 28892 | Snake:1  | Entered Level 1 of the Snake Pit
 29206 | Snake:1  | Received a gift from Trog
 29713 | Snake:1  | Reached skill level 18 in Long Blades
 31002 | Shoals:1 | Entered Level 1 of the Shoals
 31546 | Shoals:2 | Received a gift from Trog
 31846 | Shoals:2 | Noticed Nikola
 31874 | Shoals:2 | Killed Nikola
 31874 | Shoals:2 | Received a gift from Trog
 31958 | Shoals:2 | Reached XP level 17. HP: 58/119 MP: 28/28
 32042 | Shoals:2 | Received a gift from Trog
 32644 | Shoals:3 | Reached skill level 19 in Long Blades
 32666 | Shoals:3 | Reached skill level 10 in Armour
 32666 | Shoals:3 | Reached XP level 18. HP: 119/126 MP: 29/29
 33182 | Shoals:4 | Entered Level 4 of the Shoals
 33724 | Shoals:4 | Got a barnacled rune of Zot
 34062 | Vaults:1 | Entered Level 1 of the Vaults
 34116 | Vaults:1 | Received a gift from Trog
 34577 | Vaults:1 | Found Bopser's Assorted Antiques.
 34599 | Vaults:1 | Bought a scroll of teleportation for 72 gold pieces
 35292 | Vaults:2 | Received a gift from Trog
 36041 | Vaults:2 | Reached skill level 20 in Long Blades
 36048 | Vaults:2 | Found a staircase to the Crypt.
 37401 | Vaults:3 | Received a gift from Trog
 37616 | Vaults:3 | Received a gift from Trog
 37616 | Vaults:3 | Reached XP level 19. HP: 136/136 MP: 30/30
 37619 | Vaults:3 | Got a pitted great sword {god gift}
 37620 | Vaults:3 | Identified the +10 great sword of Worops {speed, rElec rPois rN+ Int-5} (Trog gifted it to you on level 3 of the Vaults)
 37625 | Vaults:3 | Noticed Asterion
 37634 | Vaults:3 | Killed Asterion
 38616 | Vaults:3 | Received a gift from Trog
 39471 | Vaults:4 | Killed from afar by a deep elf annihilator

Inventory:

Hand Weapons
 a - a +6 great sword of electrocution (weapon)
 b - a +0 blowgun
 h - a +1 great sword of flaming
 N - a +5 antimagic great sword
 P - the +10 great sword of Worops {speed, rElec rPois rN+ Int-5}
   (Trog gifted it to you on level 3 of the Vaults)

   Attacks with this weapon are significantly faster.
   It affects your intelligence (-5).
   It insulates you from electricity.
   It protects you from poison.
   It protects you from negative energy.
Missiles
 s - 11 curare-tipped needles
 A - 18 poisoned javelins (quivered)
 S - 4 javelins of penetration
 X - 2 throwing nets
Armour
 e - a +2 cloak of poison resistance (worn)
 m - a +1 pair of gloves (worn)
 z - a +1 pair of boots of stealth (worn)
 G - a +2 hat (worn)
 T - a +0 fire dragon armour
 U - the +6 ring mail of Zin's Approval {rN+ Str+3}
   (You bought it in a shop on level 2 of the Orcish Mines)

   It affects your strength (+3).
   It protects you from negative energy.
Jewellery
 c - a ring of protection from cold (left hand)
 l - an uncursed ring of resist corrosion
 r - an amulet of regeneration (around neck)
 u - an uncursed ring of flight
 I - an uncursed ring of protection from cold
 V - a ring of protection from magic (right hand)
Wands
 i - a wand of hasting (2/9)
 n - a wand of iceblast (3/15)
 p - a wand of heal wounds (4/9)
 t - a wand of teleportation (8/9)
 y - a wand of disintegration (3/24)
 E - a wand of heal wounds (1/9)
 F - a wand of disintegration (15/24)
 Q - a wand of digging (6/24)
 Y - a wand of heal wounds (2/9)
Scrolls
 d - 12 scrolls of remove curse
 k - 2 scrolls of magic mapping
 o - 4 scrolls of fear
 q - 12 scrolls of teleportation
 v - 3 scrolls of blinking
 L - a scroll of summoning
 W - a scroll of fog
 Z - 2 scrolls of recharging
Potions
 f - 4 potions of cancellation
 g - 2 potions of agility
 j - 2 potions of flight
 B - 5 potions of lignification
 D - a potion of resistance
 H - 4 potions of might
 J - a potion of invisibility
 K - 6 potions of haste
 M - 8 potions of curing
Miscellaneous
 w - 3 boxes of beasts
 R - 3 phantom mirrors
Comestibles
 x - 6 meat rations
 C - 5 bread rations
 O - 6 chunks of flesh


   Skills:
 - Level 14.2 Fighting
 - Level 20.0 Long Blades
 - Level 9.4 Throwing
 + Level 12.5 Armour
 + Level 13.6 Dodging
   Level 6.0 Invocations
 - Level 14.0 Evocations


You had 18 spell levels left.
You didn't know any spells.

Dungeon Overview and Level Annotations

Branches:
Dungeon (15/15)            Temple (1/1) D:6            Lair (6/6) D:8
 Shoals (4/4) Lair:4        Snake (2/4) Lair:2        Slime (0/5) Lair:6
    Orc (2/2) D:12            Elf (0/3) Orc:2        Vaults (4/5) D:13
  Crypt (0/3) Vaults:2     Depths (0/5) D:15

Altars:
Ashenzari
Cheibriados
Dithmenos
Elyvilon
Fedhas
Gozag
Hepliaklqana
Kikubaaqudgha
Makhleb
Nemelex Xobeh
Okawaru
Pakellas
Qazlal
Ru
Sif Muna
Trog
Uskayaw
Vehumet
Xom
Yredelemnul
Zin
The Shining One
Jiyva

Shops:
D:5 *   D:8 (   Orc:2 %:%[   Vaults:1 *

Portals:
Pandemonium: Orc:2
Trove: D:14 (give +7 demon whip)


Innate Abilities, Weirdness & Mutations

You have very sharp teeth.

Vault maps used:
D:1:      dpeg_arrival_stone_temple_mockup
D:3:      minmay_wonky_spiral, grunt_dithmenos_smoke_and_mirrors,
          overflow_temple_1_default, gup_sewer_entry_pipe
D:4:      lightli_temple_of_fire, uniq_blork_the_orc, uniq_eustachio
D:5:      marbit_many_paths, basic_altar, first_bread, nicolae_elemental_shop,
          uniq_menkaure, uniq_duvessa
D:6:      xom_confusion_cloud
D:7:      gammafunk_temple_overflow_wave, grunt_livestock
D:8:      dpeg_lair_monsters, enter_bailey_2, serial_shops, nicolae_shop_stone
D:12:     kennysheep_orc_monster_closet_entryway, uniq_psyche, uniq_urug
D:13:     david_vaults_4
D:14:     nicolae_trove_entry_free_sample, nicolae_lava_and_water
D:15:     hangedman_depths_entry_civil_slaughter, dk_noncrumbling_4
Temple:   nicolae_temple_elliptical
Lair:2:   guppyfry_snake_entry_island
Lair:3:   minmay_hedge_maze, uniq_fannar
Lair:4:   minmay_shoals_entry_hut, cheibrodos_lair_reptile_den,
          grunt_megastairs_1, uniq_snorg
Lair:5:   serial_bayou_shore_a
Lair:6:   minmay_lair_end_enchanted_forest, dpeg_slime_entry_enclosed_altar,
          grunt_megastairs_3, lemuel_fruit_tree
Shoals:2: abandoned_shop, uniq_nikola
Shoals:3: nicolae_shoals_island_circles, nicolae_shoals_seven_spires
Shoals:4: shoals_end_grunt_ice, shoals_ilsuiw_alternative
Snake:1:  st_stairs_6
Snake:2:  minmay_snake_pond
Orc:1:    elf_legates, uniq_erica
Orc:2:    pf_orc_diabolical
Vaults:1: ontoclasm_vaults_ring_large, v_misc_8, hangedman_vaults_cutoff,
          v_misc_28, serial_shops, shop_statue
Vaults:2: v_rooms_5, ontoclasm_vaults_gateway,
          minmay_crypt_entry_simple_statues, ontoclasm_vaults_ring_large,
          grunt_vaults_funnel, dpeg_vaults_monster_box, v_misc_23,
          ontoclasm_vaults_ligature, vaults_room_fours
Vaults:3: vaults_dpeg_encased_lava, vaults_mumra_minichess,
          hangedman_vaults_pinch, hangedman_vaults_maws, v_misc_18,
          hangedman_vaults_unwind, vaults_room_corners, st_cells,
          hangedman_vaults_impose, ontoclasm_vaults_ring_small, v_alt_pattern_3,
          nicolae_vaults_little_squares_5, uniq_asterion
Vaults:4: v_misc_18, nicolae_vaults_mini_display_case, hangedman_vaults_nodes,
          vaults_dpeg_hooks, vaults_dpeg_doors, nicolae_vaults_theta,
          nicolae_vaults_angled_halls, vaults_room_pool, vaults_room_fours,
          grunt_vaults_swirl, ontoclasm_vaults_decontamination,
          vaults_room_hallway, nicolae_vaults_border_crossing, serial_shops,
          shop_statue
Sewer:    sewer_co_scattered_pipes
Bailey:   bailey_polearm_1, bailey


Message History

You riposte.
You slash the ironheart preserver!
There is a sudden explosion of sparks!
The ironheart preserver is heavily wounded.
Unknown command.
You slash the ironheart preserver!
The ironheart preserver is severely wounded.
Unknown command.
You hit the ironheart preserver.
Your bite misses the ironheart preserver.
The ironheart preserver is severely wounded.
The ironheart preserver mumbles some strange words.
The ironheart preserver begins to accept its allies' injuries.
Unknown command.
You slash the ironheart preserver!
The ironheart preserver is severely wounded.
Unknown command.
You slash the ironheart preserver!
There is a sudden explosion of sparks!
You kill the ironheart preserver!
Trog accepts your kill.
Trog appreciates your killing of a magic user.
The deep elf sorcerer mumbles some strange words.
The deep elf sorcerer seems to speed up.
The deep elf annihilator casts a spell.
The deep elf annihilator blinks!
You closely miss something. Your bite misses something. Something misses you.
Unknown command.
Unknown command.
You barely miss the deep elf sorcerer.
The deep elf sorcerer closely misses you.
You riposte.
You slice the deep elf sorcerer!!
The deep elf sorcerer is heavily wounded.
Unknown command.
You closely miss the deep elf sorcerer.
The deep elf sorcerer is heavily wounded.
You hear some strange, mumbled words.
A shard of ice appears from out of thin air!
The shard of ice misses you.
The deep elf mage points at you and mumbles some strange words.
The bolt of magma hits you!
The deep elf annihilator casts a spell at you.
The poison arrow hits you!
You are poisoned.
You partially resist.
The deep elf sorcerer completely misses you.
You slash the deep elf sorcerer!
There is a sudden explosion of sparks!
The deep elf sorcerer is almost dead.
You feel sick. Something hits you.
The deep elf sorcerer casts a spell at you.
The bolt of acid misses you.
Unknown command.
You slash the deep elf sorcerer! You bite the deep elf sorcerer.
The deep elf sorcerer is almost dead.
Something misses you.
The deep elf sorcerer hits you but does no damage.
The deep elf mage misses you.
Unknown command.
You slash the deep elf sorcerer!
You kill the deep elf sorcerer!
Trog accepts your kill.
Trog appreciates your killing of a magic user.
You feel sick. Something hits you!!
Unknown command.
You barely miss the deep elf annihilator.
The deep elf mage hits you but does no damage.
Something hits you.
The deep elf annihilator hits you but does no damage.
Unknown command.
Evoke which item? (* to show all) (? for menu, Esc to quit)
Zapping:
i - a wand of hasting (3/9)
Press: ? - help, Shift-Dir - straight line, f - you You feel yourself speed up.
You are very lightly contaminated with residual magic.
This wand has 2 charges left.
You feel sick. Something closely misses you.
The deep elf mage barely misses you.
The deep elf annihilator points at you and mumbles some strange words.
The crystal spear misses you.
Unknown command.
Unknown command.
Evoke which item? (* to show all) (? for menu, Esc to quit)
Zapping:
Y - a wand of heal wounds (3/9)
Press: ? - help, Shift-Dir - straight line, f - you You feel much better.
This wand has 2 charges left.
You hear some strange, mumbled words.
A shard of ice appears from out of thin air!
The shard of ice hits you! You partially resist.
The deep elf mage hits you but does no damage.
The deep elf annihilator points at you and mumbles some strange words.
The poison arrow misses you.
Unknown command.
Unknown command.
You miss the deep elf annihilator. Something hits you!
Unknown command.
Your iron troll goes berserk!
You are feeling very hungry.
You feel sick.
The deep elf mage gestures wildly while chanting.
Something hits you!
The deep elf annihilator gestures at you while chanting.
The crystal spear hits you!
You die...

# #.####....## #
#.......## #####
#####''####### ....#
#........# ....#
#........# .#..#
#........# ....#
#...T....#
#...########...e{...#
...........)))Ee@...#
#..........)#.)######
#..(.....#(..E(#
#.....(.....(#(#
#.........#...e#
#.........(.({.#
#+##'########'###########'
......# #...ee............
......# #....)............


You could see a deep elf annihilator, 2 earth elementals, a deep elf mage and a
friendly iron troll (berserk).

Vanquished Creatures
  Nikola (Shoals:2)
  Asterion (Vaults:3)
  A revenant (Vaults:2)
  A deep elf sorcerer (Vaults:4)
  An orc warlord (Orc:1)
  2 vault wardens
  A ghoul (Vaults:2)
  5 ironheart preservers
  5 stone giants
  An entropy weaver (Vaults:3)
  2 ettins
  2 fire dragons (Vaults:2)
  A merfolk javelineer (Shoals:3)
  Fannar (Lair:3)
  6 merfolk impalers
  5 yaktaur captains
  A rakshasa (Vaults:2)
  6 hydras
  A vault guard (D:13)
  The ghost of Gagarin the Blocker, a journeyman FoFi of Cheibriados (Orc:2)
  A naga warrior (Snake:1)
  3 great orbs of eyes
  An ice dragon (Vaults:2)
  5 centaur warriors
  A death knight (Vaults:3)
  3 ogre magi
  4 death yaks (Lair:3)
  An anaconda (Snake:1)
  A merfolk aquamancer (Shoals:1)
  Erica (Orc:1)
  A merfolk avatar (Shoals:4)
  2 tengu warriors (D:15)
  A shock serpent (Snake:1)
  7 orc high priests
  A deep elf knight (Vaults:2)
  5 naga sharpshooters
  A hell knight (Vaults:3)
  A shadow wraith (Vaults:1)
  An infernal demonspawn (Orc:2)
  2 unseen horrors
  A gelid demonspawn (Orc:2)
  4 sea snakes
  4 wizards
  A putrid demonspawn (Orc:2)
  2 deep elf archers
  A kraken simulacrum (Shoals:4)
  11 hill giants
  9 orc knights
  A giant orange brain (Vaults:3)
  14 ironbrand convokers
  A torturous demonspawn (Orc:2)
  14 harpies
  A necromancer (Vaults:2)
  11 deep elf magi
  8 orc sorcerers
  A stone giant zombie (Vaults:2)
  14 ugly things
  2 wolf spiders (Vaults:2)
  A fire giant zombie (Vaults:2)
  A mana viper (Snake:1)
  6 fauns (Shoals:2)
  8 griffons
  8 cyclopes
  3 manticores
  3 salamanders (Snake:1)
  A hornet (Vaults:3)
  15 black mambas
  An octopode (shapeshifter) (Vaults:4)
  6 vault sentinels
  3 naga magi
  A smoke demon (Orc:2)
  2 sirens (Shoals:4)
  4 elephants (Lair:6)
  3 water nymphs
  A gargoyle (D:14)
  10 spiny frogs
  2 centaur skeletons
  A spiny frog (shapeshifter) (Vaults:3)
  An efreet (D:13)
  5 freezing wraiths
  29 yaktaurs
  10 komodo dragons
  A rime drake (Lair:5)
  A hellwing (Orc:2)
  2 red devils (Orc:2)
  11 trolls
  4 polar bears
  A wind drake (shapeshifter) (D:13)
  8 merfolk
  5 two-headed ogres
  23 slime creatures
  A blink frog (shapeshifter) (D:15)
  A harpy skeleton (D:14)
  14 blink frogs
  A stone giant simulacrum (Vaults:2)
  A fire giant simulacrum (Vaults:3)
  5 snapping turtles
  12 spriggans (Lair:6)
  2 vampires
  22 yaks
  2 wyverns
  A wraith (Vaults:2)
  Eustachio (D:4)
  A basilisk (Lair:4)
  5 water elementals
  A hog (D:7)
  A human simulacrum (Vaults:2)
  A human (D:7)
  3 hungry ghosts
  A neqoxec (Orc:2)
  10 hippogriffs
  8 vampire mosquitoes (D:14)
  Menkaure (D:5)
  2 mottled dragons (D:15)
  3 soldier ants
  5 wargs
  Duvessa (D:5)
  A soldier ant (shapeshifter) (Vaults:2)
  14 nagas
  22 water moccasins
  3 porcupines
  47 orc warriors
  3 ice beasts
  5 sky beasts
  3 phantoms
  4 wasps
  33 ogres
  6 black bears
  39 wolves
  10 boggarts
  17 centaurs
  2 necrophages
  11 crocodiles
  An orc skeleton (Vaults:2)
  3 big kobolds
  4 gnoll sergeants
  Blork the orc (D:4)
  13 giant frogs
  2 wyvern skeletons
  3 scorpions
  Dowan (D:5)
  3 killer bees
  2 electric eels
  7 howler monkeys
  9 crimson imps
  5 centaur zombies
  2 quasits
  6 hounds
  2 giant frog skeletons
  5 jellies
  37 orc priests
  24 orc wizards
  4 iguanas
  14 worker ants
  A killer bee zombie (D:6)
  12 sheep
  A hound skeleton (D:7)
  A worker ant zombie (D:8)
  16 gnolls
  24 adders
  37 river rats
  2 shadow imps
  An ooze (D:5)
  4 adder skeletons
  10 worms
  7 dart slugs
  12 giant geckos
  104 orcs
  11 ball pythons
  12 giant cockroaches
  6 goblins
  9 hobgoblins
  16 jackals
  14 kobolds
  6 quokkas
  A ball python skeleton (D:4)
  6 bats
  A giant cockroach zombie (D:5)
  2 giant gecko skeletons
  6 giant newts
  A jackal zombie (D:6)
  9 rats
  8 plants
1183 creatures vanquished.

Vanquished Creatures (collateral kills)
  Snorg (Lair:4)
  2 merfolk impalers (Shoals:4)
  A merfolk aquamancer (Shoals:3)
  Urug (D:12)
  An ironbrand convoker (Vaults:3)
  2 fauns (Shoals:2)
  A cyclops (Orc:1)
  A water nymph (Shoals:2)
  A torpor snail (Lair:3)
  Psyche (D:12)
  A merfolk (Shoals:3)
  2 water elementals (Shoals:3)
  A hungry ghost (D:7)
  A porcupine (Lair:4)
  3 orc warriors (Orc:1)
  An ogre (Orc:1)
  A gnoll shaman (D:7)
  4 sheep (Lair:3)
  2 gnolls (D:7)
28 creatures vanquished.

Vanquished Creatures (others)
  3 giant frogs (D:6)
  An adder (D:6)
  An orc (D:6)
  A giant cockroach (D:6)
  11 bushes (Lair:3)
  6 fungi
  9 plants
  4 tentacles (Shoals:4)
  35 tentacle segments (Shoals:4)
71 creatures vanquished.

Grand Total: 1282 creatures vanquished

Action                   |  1- 3 |  4- 6 |  7- 9 | 10-12 | 13-15 | 16-18 | 19-21 || total
-------------------------+-------+-------+-------+-------+-------+-------+-------++-------
Melee: Falchion          |   160 |   675 |   749 |   451 |       |       |       ||  2035
       Scimitar          |       |       |       |   300 |       |       |       ||   300
       Great sword       |       |       |       |   565 |  1270 |  1373 |   291 ||  3499
       Bite              |       |       |       |       |   154 |   232 |    57 ||   443
Throw: Javelin           |       |       |     3 |     4 |     5 |    16 |     7 ||    35
Invok: Berserk           |     2 |     5 |    13 |    27 |    15 |    13 |     5 ||    80
       Brothers in Arms  |       |       |       |     3 |     3 |     4 |     2 ||    12
       Trog's Hand       |       |       |       |     2 |     9 |     9 |     6 ||    26
Evoke: Wand              |       |       |       |    18 |    22 |    21 |     4 ||    65
  Use: Scroll            |       |     2 |    13 |    14 |    24 |     8 |     1 ||    62
       Potion            |       |     1 |       |     2 |     3 |     6 |       ||    12
 Stab: Distracted        |       |       |     1 |       |     3 |     3 |     1 ||     8
       Sleeping          |       |       |       |       |     2 |     5 |     1 ||     8
  Eat: Chunk             |     6 |    14 |    23 |    32 |    21 |    16 |    12 ||   124
       Pizza             |       |     1 |     1 |     1 |     1 |       |       ||     4
       Fruit             |       |     2 |     1 |     8 |       |    13 |       ||    24
       Meat ration       |       |       |     1 |     1 |     3 |     4 |       ||     9
       Beef jerky        |       |       |     1 |     4 |     5 |     2 |       ||    12
       Bread ration      |       |       |       |     2 |     2 |       |       ||     4
       Royal jelly       |       |       |       |       |       |     1 |       ||     1
Armor: Ring mail         |    12 |       |       |       |    81 |   285 |    15 ||   393
       Chain mail        |    47 |   168 |   263 |   350 |   105 |     7 |       ||   940
       Plate armour      |       |       |       |   235 |   290 |    97 |       ||   622
       Skin              |       |       |       |       |       |       |     9 ||     9
Dodge: Dodged            |    47 |   114 |   247 |   631 |   579 |   719 |   139 ||  2476

Action                   |  1- 3 |  4- 6 |  7- 9 | 10-12 | 13-15 | 16-18 | 19-21 || total
-------------------------+-------+-------+-------+-------+-------+-------+-------++-------
Melee: Falchion          |   160 |   675 |   749 |   451 |       |       |       ||  2035
       Scimitar          |       |       |       |   300 |       |       |       ||   300
       Great sword       |       |       |       |   565 |  1270 |  1373 |   291 ||  3499
       Bite              |       |       |       |       |   154 |   232 |    57 ||   443
Throw: Javelin           |       |       |     3 |     4 |     5 |    16 |     7 ||    35
Invok: Berserk           |     2 |     5 |    13 |    27 |    15 |    13 |     5 ||    80
       Brothers in Arms  |       |       |       |     3 |     3 |     4 |     2 ||    12
       Trog's Hand       |       |       |       |     2 |     9 |     9 |     6 ||    26
Evoke: Wand              |       |       |       |    18 |    22 |    21 |     4 ||    65
  Use: Scroll            |       |     2 |    13 |    14 |    24 |     8 |     1 ||    62
       Potion            |       |     1 |       |     2 |     3 |     6 |       ||    12
 Stab: Distracted        |       |       |     1 |       |     3 |     3 |     1 ||     8
       Sleeping          |       |       |       |       |     2 |     5 |     1 ||     8
  Eat: Chunk             |     6 |    14 |    23 |    32 |    21 |    16 |    12 ||   124
       Pizza             |       |     1 |     1 |     1 |     1 |       |       ||     4
       Fruit             |       |     2 |     1 |     8 |       |    13 |       ||    24
       Meat ration       |       |       |     1 |     1 |     3 |     4 |       ||     9
       Beef jerky        |       |       |     1 |     4 |     5 |     2 |       ||    12
       Bread ration      |       |       |       |     2 |     2 |       |       ||     4
       Royal jelly       |       |       |       |       |       |     1 |       ||     1
Armor: Ring mail         |    12 |       |       |       |    81 |   285 |    15 ||   393
       Chain mail        |    47 |   168 |   263 |   350 |   105 |     7 |       ||   940
       Plate armour      |       |       |       |   235 |   290 |    97 |       ||   622
       Skin              |       |       |       |       |       |       |     9 ||     9
Dodge: Dodged            |    47 |   114 |   247 |   631 |   579 |   719 |   139 ||  2476
